Cogmind - Beta 14 @@@ ROGUE MODE // 2025.01.17 @ 23:31:48 Player: human Result: Destroyed by YI-UF0 with YI-UF0's Doublenader Performance ------------- Evolutions (0) 0 Regions Visited (2) 400 Robots Destroyed (7) 35 Value Destroyed (104) 104 Prototype IDs (0) 0 Alien Tech Used (0) 0 Bonus (0) 0 TOTAL SCORE: 539 Bonus ------- None Cogmind --------- Core Integrity 0/250 Matter 295/300 Energy 249/250 System Corruption 0% Temperature Cool (0) Movement Core (450) Ox8 Location -10/Mines Parts ------- > --- POWER (1) -------- Ion Engine > --- PROPULSION (2) --- (None) > --- UTILITY (2) ------ Large Storage Unit > --- WEAPON (2) ------- Light Assault Rifle > --- INVENTORY (15) --- Ion Engine Wheel Small Storage Unit Improved Terrain Scanner Datajack Peak State ------------ > --- POWER ------------ (None) > --- PROPULSION ------- Light Treads Light Treads > --- UTILITY ---------- Large Storage Unit Seismic Detector > --- WEAPON ----------- EM Pulse Gun Medium Laser > --- INVENTORY -------- Ion Engine Ion Engine Wheel Compact Wheel Small Storage Unit Improved Terrain Scanner Light Assault Rifle Datajack [Rating: 7] Favorites ----------- Power Ion Engine Engine Ion Engine Propulsion Light Treads Treads Light Treads Wheel Compact Wheel Utility Large Storage Unit Device Seismic Detector Storage Large Storage Unit Weapon Medium Laser Energy Gun Medium Laser Ballistic Gun Light Assault Rifle Build | -11 -10 -10 ------- Run | Yrd Mat Min Slots Evolved . | . . . Power . | . . . Propulsion . | . . . Utility . | . . . Weapon . | . . . Parts Attached 11 | 4 2 5 Power 1 | . . 1 Engine 1 | . . 1 Core . | . . . Reactor . | . . . Propulsion 4 | 2 . 2 Treads 2 | 2 . . Leg . | . . . Wheel 2 | . . 2 Hover . | . . . Flight . | . . . Utility 3 | 1 1 1 Device 1 | . . 1 Storage 2 | 1 1 . Processor . | . . . Hackware . | . . . Protection . | . . . Artifact . | . . . Weapon 3 | 1 1 1 Energy Gun 2 | 1 1 . Energy Cannon . | . . . Ballistic Gun 1 | . . 1 Ballistic Cannon . | . . . Launcher . | . . . Special Weapon . | . . . Impact Weapon . | . . . Slashing Weapon . | . . . Piercing Weapon . | . . . Special Melee Weapon . | . . . Unidentified Prototypes . | . . . Parts Lost 7 | . . 7 Power . | . . . Propulsion 4 | . . 4 Utility 1 | . . 1 Weapon 2 | . . 2 Highest Loss Streak 5 | . . 5 To Critical Strikes . | . . . Average Slot Usage (%) 69 | . 67 70 Engine 2 | . . 3 Treads 22 | . 28 21 Wheel 2 | . . 3 Device 1 | . . 2 Storage 14 | . 14 14 Energy Gun 22 | . 24 21 Ballistic Gun 2 | . . 3 Peak Build Rating 7 | 4 5 7 Average Rating 4 | 2 4 5 On Entrance 3 | . 4 5 Naked Turns . | . . . Heaviest Build 29 | 7 24 29 Greatest Support 40 | 40 40 40 Greatest Overweight (x) 1 | . . 1 Average Overweight (x) . | . . . Largest Inventory Capacity 15 | 8 15 15 Average Capacity 13 | 6 14 15 Most Carried 8 | 6 7 8 Average Carried 6 | 4 6 6 Final Capacity 15 | 8 15 15 Final Carried 7 | 6 7 5 Class Distribution -------------------- 100% | Mutant Dominant Class ---------------- Mutant | -10/Materials Mutant | -10/Mines Resources | -11 -10 -10 ----------- Run | Yrd Mat Min Matter Collected 278 | 193 25 60 Remotely . | . . . Salvage Created 123 | . 79 44 Parts 16 | . 12 4 Haulers Intercepted . | . . . Recyclers Shooed . | . . . Parts Field Recycled . | . . . Retrieved Matter . | . . . Parts Self-Destructed . | . . . Prevented . | . . . Kills | -11 -10 -10 ------- Run | Yrd Mat Min Combat Hostiles Destroyed 8 | . 6 2 Guns 5 | . 3 2 AOE 3 | . 3 . Classes Destroyed 3 | . 1 2 Swarmer 6 | . 6 . Grunt 1 | . . 1 Assembled 1 | . . 1 Best Kill Streak 3 | . 3 1 Combat Bots Only 3 | . 3 1 Max Kills in Single Turn 2 | . 2 1 Gunslinging . | . . . Exploded 2 | . 2 . Melee . | . . . Uniques/NPCs Destroyed . | . . . Combat | -11 -10 -10 -------- Run | Yrd Mat Min Hostile Shots Fired 76 | . 31 45 Missed 29 | . 15 14 Damage Taken 881 | . 171 710 Core 252 | . 41 211 Absorbed by Shields . | . . . Core Remaining (%) 100 | 100 . . Volleys Fired 16 | . 9 7 Largest 2 | . 2 2 Hottest 90 | . 90 90 Shots Fired 29 | . 18 11 Gun 29 | . 18 11 Cannon . | . . . Launcher . | . . . Special . | . . . Kinetic 3 | . . 3 Thermal 13 | . 9 4 Explosive . | . . . Electromagnetic 13 | . 9 4 Robot Hit Streak 4 | . 4 2 Robot Miss Streak 2 | . 1 2 Penetration Max . | . . . Secondary Targets 2 | . 2 . Max Gunslinging Chain 1 | . 1 . Shots Hit Robots 16 | . 12 4 Core Hits 9 | . 6 3 Critical Kills . | . . . Critical Parts Destroyed . | . . . Critical Strikes 3 | . 3 . Burn 3 | . 3 . Melee Attacks . | . . . Impact . | . . . Slashing . | . . . Piercing . | . . . Sneak Attacks . | . . . Combat Hostiles . | . . . Follow-up Attacks . | . . . Damage Inflicted 316 | . 271 45 Guns 225 | . 180 45 Cannons . | . . . Explosions 91 | . 91 . Melee . | . . . Ramming . | . . . Kinetic 8 | . . 8 Thermal 192 | . 167 25 Explosive . | . . . Electromagnetic 116 | . 104 12 Impact . | . . . Slashing . | . . . Piercing . | . . . Highest Corruption . | . . . Average Corruption . | . . . Corruption Purged . | . . . Corruption Blocked . | . . . Overload Shots . | . . . Overflow Damage . | . . . Projectiles . | . . . Explosions . | . . . Melee . | . . . Knockbacks . | . . . Impact . | . . . Kinetic . | . . . Secondary . | . . . Self-Inflicted Damage 33 | . 33 . Shots 1 | . 1 . Rammed . | . . . Targets Rammed . | . . . Kicked . | . . . Crushed . | . . . Highest Temperature 69 | . 42 69 Average Temperature 21 | . 15 33 Received Heat Transfer 72 | . . 72 Siege Activations . | . . . Robots Corrupted . | . . . Combat Hostiles . | . . . Parts Fried . | . . . Impact Corruptions . | . . . Robots Melted . | . . . Combat Hostiles . | . . . Parts Melted . | . . . Heat Transferred 618 | . 544 74 Parts Sabotaged . | . . . Parts Stolen . | . . . Parts Stripped . | . . . Power Chain Reactions 2 | . 2 . Alert | -11 -10 -10 ------- Run | Yrd Mat Min Peak Influence 191 | . 191 94 Initial 74 | . . 74 Average 63 | . 96 59 Maximum Alert Level . | . . . Low Security (%) 100 | 100 100 100 Level 1 . | . . . Level 2 . | . . . Level 3 . | . . . Level 4 . | . . . Level 5 . | . . . High Security . | . . . Max Security . | . . . Squads Dispatched 1 | . 1 . Investigation . | . . . Extermination . | . . . Reinforcement 1 | . 1 . Assault . | . . . Garrison . | . . . Intercept . | . . . Searches Triggered . | . . . Construction Impeded . | . . . Haulers Reinforced . | . . . Active Scanning Responses . | . . . Cargo Convoy Interrupts . | . . . Stealth | -11 -10 -10 --------- Run | Yrd Mat Min Distress Signals 3 | . 1 2 Communications Jammed . | . . . Distress Signals . | . . . Times Spotted 18 | . 9 9 Peak Tracking Total 5 | . 4 5 Tactical Retreats 3 | . . 3 Traps | -11 -10 -10 ------- Run | Yrd Mat Min Traps Triggered . | . . . Indirectly . | . . . Trap Hack Attempts . | . . . Triggered . | . . . Disarmed . | . . . Reprogrammed . | . . . Reused . | . . . Traps Extracted . | . . . Installed . | . . . Triggered . | . . . Machines | -11 -10 -10 ---------- Run | Yrd Mat Min Machines Disabled 1 | . 1 . Max in Single Turn 1 | . 1 . Machines Repaired . | . . . Machines Dismantled . | . . . Machines Sabotaged . | . . . Overloaded Fab Kills . | . . . Hacking | -11 -10 -10 --------- Run | Yrd Mat Min Machines Accessed 2 | . 2 . Terminals . | . . . Fabricators . | . . . Repair Stations . | . . . Recycling Units 2 | . 2 . Scanalyzers . | . . . Garrison Access . | . . . Total Hacks 5 | . 5 . Successful 3 | . 3 . Failed 2 | . 2 . Catastrophic . | . . . Database Lockouts . | . . . Manual 1 | . 1 . Terminals . | . . . Fabricators . | . . . Repair Stations . | . . . Recycling Units 5 | . 5 . Scanalyzers . | . . . Garrison Access . | . . . Terminal Hacks . | . . . Fabricator Hacks . | . . . Repair Station Hacks . | . . . Recycling Unit Hacks 3 | . 3 . Retrieve Matter 1 | . 1 . Retrieve Components 2 | . 2 . Scanalyzer . | . . . Garrison Access Hacks . | . . . Unauthorized Hacks . | . . . Terminals . | . . . Fabricators . | . . . Repair Stations . | . . . Recycling Units . | . . . Scanalyzers . | . . . Garrison Access . | . . . Data Cores Recovered . | . . . Used . | . . . Hacking Detections 1 | . 1 . Full Trace Events . | . . . Feedback Events . | . . . Feedback Blocked . | . . . Robot Schematics Acquired . | . . . Robots Built . | . . . Authchips . | . . . Time . | . . . Total Robot Build Rating . | . . . Part Schematics Acquired . | . . . Parts Built . | . . . Authchips . | . . . Time . | . . . Total Part Build Rating . | . . . Parts Repaired . | . . . Time . | . . . Parts Recycled . | . . . Recycled Matter . | . . . Retrieved Matter . | . . . Retrieved Components 8 | . 8 . Parts Scanalyzed . | . . . Part Schematics Acquired . | . . . Parts Damaged . | . . . Bothacking | -11 -10 -10 ------------ Run | Yrd Mat Min Used RIF Installer . | . . . Robots Hacked . | . . . Non-combat . | . . . Combat . | . . . Robot Hacks Applied . | . . . Relay Couplers Released . | . . . Fabnet Peak Effective % . | . . . Robots Rewired . | . . . Allies Hacked . | . . . Hacks Repelled . | . . . Allies | -11 -10 -10 -------- Run | Yrd Mat Min Total Allies . | . . . Largest Group . | . . . Highest-Rated Group . | . . . Highest-Rated Ally . | . . . Total Orders . | . . . Ally Attacks . | . . . Total Damage . | . . . Kills . | . . . Allies Corrupted . | . . . Allies Melted . | . . . Intel | -11 -10 -10 ------- Run | Yrd Mat Min Robot Analysis Total . | . . . Derelict Logs Recovered 2 | . . 2 Drone Launches . | . . . Drone Recoveries . | . . . Exploration | -11 -10 -10 ------------- Run | Yrd Mat Min Turns Passed 784 | 70 195 519 Spaces Moved 340 | 38 103 199 Core 2 | 2 . . Treads 233 | 36 103 94 Legs . | . . . Wheels 105 | . . 105 Hover . | . . . Flight . | . . . Fastest Speed 50 | 50 160 115 Average Speed 145 | 154 160 136 Slowest Speed 160 | 160 160 160 Overloaded Moves . | . . . Propulsion Burnouts . | . . . Robots Hopped . | . . . Cave-ins Triggered . | . . . Exploration Rate (%) 27 | 4 34 43 Regions Visited 2 Branch Regions 1 Pre-discovered Areas . | . . . Known Exits Taken . | . . . Unknown Exits Taken 2 | 1 1 . Scrap Searched . | . . . Spaces Dug . | . . . Terrain Destroyed 5 | . 5 . Melee . | . . . Projectile . | . . . AOE 5 | . 5 . Terrain Rammed . | . . . Walls Destroyed . | . . . Machines Disabled . | . . . Actions | -11 -10 -10 --------- Run | Yrd Mat Min Total 599 | 48 115 436 Wait 223 | . . 223 Move 338 | 37 102 199 Hop . | . . . Pick Up 10 | 7 1 2 Fast Attach 5 | 3 1 1 Attach 6 | 1 1 4 Detach 1 | . 1 . Swap . | . . . Drop . | . . . Fire 16 | . 9 7 Melee . | . . . Ram . | . . . Kick . | . . . Crush . | . . . Escape Stasis . | . . . Rewire . | . . . Trap . | . . . Miscellaneous . | . . . Route ------- -11/Scrapyard -10/Materials -10/Mines (discovered 1 exit: [*Mat]) History --------- Turn | Location | Event 12 | -11/Scrapyard | Discovered new exit (range 15) 71 | -11/Scrapyard | Entered Materials 242 | -10/Materials | Discovered new exit (range 16) 266 | -10/Materials | Entered Mines 279 | -10/Mines | Found a hidden stash of uninstalled traps 294 | -10/Mines | Learned Materials interactive machine intel 317 | -10/Mines | Build established: Mutant 320 | -10/Mines | Excavation squad dispatched 320 | -10/Mines | A large section of the Mines collapsed 570 | -10/Mines | Excavation squad dispatched 661 | -10/Mines | Core integrity fell below 50% 680 | -10/Mines | Learned Materials terminal intel 702 | -10/Mines | Discovered new exit (range 8) 710 | -10/Mines | Lost 5 parts (2n1u2w) 785 | -10/Mines | Destroyed by YI-UF0 with YI-UF0's Doublenader Last Messages --------------- 00661_ The unstable cave ceiling collapses. 00679_ Med. Laser destroyed. 00680_ Acquired derelict log, extracted data. Data stored: Materials terminal intel. 00683_ R-06 Scavenger destroyed. 00685_ as-06398 destroyed. 00688_ Acquired Com. Wheel. 00702_ EXIT=FOUND 00713_ R-06 Scavenger collects Sml. Storage Unit. 00714_ K-01 Serf collects debris. 00714_ R-06 Scavenger collects Tractor Beam. 00717_ K-01 Serf collects debris. 00719_ Acquired 36 matter. 00733_ T-07 Excavator is excavating. 00761_ U-05 Engineer lays Concrete. 00772_ R-06 Scavenger collects Wheel. 00772_ K-01 Serf collects debris. 00775_ The unstable cave ceiling collapses. 00783_ Com. Wheel destroyed. Map ----- +----------------------------------------------------+ | ?????????????????????????#??????######???????##### | | ?????????????????????????# ??????????????????# | | ?????????????????????????# ??????????????????# ### | | ?????????????????????????# ??????????????????# #?? | | ?????????????????????????# ?????############## #?? | | ????????????????????????? ?????# #?? | | ?????????????????????????# ?????# ##############?? | | ?????????????????????????# ## ??# #??????????????? | | ????????????????????????## # ### #??????????????? | | ?????????????????????? ?## # ## #??????????????? | | ?????????????????????? ## = #??????????????? | | ??????????????????????? # = = ####??????????????? | | ???????????????????????# %! # #????????????????? | | ???????????????????????## #????????????????? | | ???????????????????????# #####??????????????? | | ??????????????#????????# ##?????????????? | | ?????????????# ??????## # ## #?????????????? | | ????????????? ?????# # ### #?????????????? | | ???????????? ?### # # ## #?????????? ?? | | ????????????# # # ##????????? ? | | ????????????# ## = #????????? ? | | ???????????# = * # |% ##???????? ? | | ??????????? [[% # # #= ! #???????? ? | | ????????????? ####%% #???????? ?? | | ????????????????### ### ##??????? ?? | | ?????????????????# g @ ### ##????## ?? | | ?????????????????# ## #????# ?? | | ????????????????# %# ## #????# ? # | | ????????????? ! ## %######## # | | ??????????? ?? ### ###### #? | | ???????????? ??? ??###????## #?? | | ?????????????? [ ???????????# ## ##### ##?? | | ????????????? ???????????## ### #???# #??? | | ????????????? ???###???????###?#%##### #### | | ????????????? ???## #?####?????# % | | ?????????????? ???# ## ####### ######### | | ??????????????# ????# #???????# | | ???????????????? ?????# ##### ##???????# | | ??????????????????????## #???# #??????### | | ??????????????????????# #???# #??????# | | ??????????????????????# #???# #??????# | | ??????????????????????# ##???# #??????# | | ??????????????????????## ### ##????# #??????# | | ???????????????????????###??# #????# #??????# " | | ????????????????????????????#####????# #??????# " | | ?????????????????????????????????????# #??????# " | | ?????????????????????????????????????? ???????# | | ?????????????????????????????????????? ???????#### | | ?????????????????????????????????????? ??????????? | | ?????????????????????????????????????? ??????????? | +----------------------------------------------------+ Best States ------------- Heat Dissipation 25 Energy Generation 10 Energy Capacity 250 Matter Stores 300 Matter Capacity 300 Sight Range 16 Terrain Scan Density 10 Evasion (%) 40 Recoil Reduction 2 Item Schematics ----------------- None Robot Schematics ------------------ None Fabricated ------------ Nothing Alien Tech Used ----------------- None Achievements -------------- None Challenges ------------ None Game ------ Seed QuantumMetafiberCoupler Manual? 0 Play Time 00:14:38 Cumulative 74.9 hours Start 2025.01.17 @ 23:13:55 End 2025.01.17 @ 23:31:48 Sessions 1 Manual Loads 0 Difficulty Rogue Special Mode None Game No. 56 Rogue 56 Adventurer 0 Explorer 0 Win Type - Total 0 Types 0/0/0/0/0/0/0/0/0 Lore% 22 Gallery% 40 Achievement% 32 Wizard Run 0 Options --------- Layout 1 ASCII 0 Keyboard 0 Movement Mouse Keybinds 0 Fullscreen 1 Font 24/Smallcaps Map View 50x35 Zoom Use 0% Tactical HUD 1 Map Filters NONE Filters NONE Steam 1 RUN: eb438582-4051-414e-ab5b-8ec2554f2143